 Dungeon Crawl Stone Soup version 0.19.0-11-g3fc08b3 (webtiles) character file.

139338 mistymad the Brawler (level 17, -2/199 HPs)
             Began as a Naga Transmuter on Nov 8, 2016.
             Was a Believer of Cheibriados.
             Slain by a dire flail of crushing (13 damage)
             ... on level 1 of the Elven Halls.
             The game lasted 02:30:56 (36146 turns).

mistymad the Brawler (Naga Transmuter)             Turns: 36146, Time: 02:30:57

Health: -2/199     AC: 23    Str: 22    XL:     17   Next: 28%
Magic:  24/27      EV: 10    Int: 28    God:    Cheibriados [**....]
Gold:   1987       SH:  5    Dex: 16    Spells: 10 memorised, 6 levels left

rFire  + . .     SeeInvis +       - Unarmed
rCold  + + .     Gourm    +     T - +0 robe {rC+}
rNeg   . . .     Faith    .     E - +0 buckler {AC+3}
rPois  +         Spirit   .     N - +1 hat {MR+}
rElec  .         Reflect  .     v - +2 cloak {rPois}
rCorr  .         Harm     .     m - +0 pair of gloves
MR     +++++                    t - +0 naga barding
Stlth  +.........               f - amulet of the gourmand
                                B - ring of protection from magic
                                o - ring of protection from fire

@: mighty, very slightly contaminated, regenerating, very slow
A: yellow scales 2, see invisible, clever 2, cold resistance 1, deformed body,
low mp 1, magic resistance 1, poison resistance, robust 2, shaggy fur 2,
slowness 2, slow metabolism 1, spit poison 2, evolution 1, constrict 1, AC +5
a: Breathe Poison Gas, Bend Time, Renounce Religion


You were on level 1 of the Elven Halls.
You worshipped Cheibriados.
Cheibriados was pleased with you.
You were very full.

You visited 7 branches of the dungeon, and saw 27 of its levels.
You also visited: Labyrinth and Volcano.

You collected 2344 gold pieces.
You spent 357 gold pieces at shops.

Inventory:

Missiles
 C - 945 arrows
Armour
 m - a +0 pair of gloves (worn)
 q - a +2 robe of magic resistance
 t - a +0 naga barding (worn)
 v - a +2 cloak of poison resistance (worn)
 E - a +0 buckler of protection (worn)
 G - the +2 shield of the King {rPois rF+}
   (You found it on level 8 of the Dungeon)

   It protects you from fire.
   It protects you from poison.
 N - a +1 hat of magic resistance (worn)
 T - a +0 robe of cold resistance (worn)
Jewellery
 f - an amulet of the gourmand (around neck)
 o - a ring of protection from fire (left hand)
 x - a cursed -3 ring of intelligence
 y - an uncursed ring of protection from magic
 A - a +4 ring of intelligence
 B - a ring of protection from magic (right hand)
 L - an uncursed ring of protection from fire
 X - an uncursed ring of ice
Wands
 a - a wand of disintegration (10/24)
 c - a wand of paralysis (2/24)
 h - a wand of teleportation (3/9)
 F - a wand of digging (4/24)
 U - a wand of hasting (3/9)
Scrolls
 i - 6 scrolls of magic mapping
 j - 3 scrolls of identify
 r - 11 scrolls of teleportation
 s - 15 scrolls of remove curse
 I - 4 scrolls of amnesia
 K - 4 scrolls of enchant armour
 Q - 2 scrolls of fear
 S - 2 scrolls of fog
 Z - a scroll of enchant weapon
Potions
 e - 3 potions of flight
 l - 3 potions of curing
 n - 3 potions of resistance
 u - 3 potions of haste
 w - 4 potions of brilliance
 J - a potion of cancellation
 M - 2 potions of cure mutation
 P - a potion of might
 R - 3 potions of agility
 Y - a potion of magic
Books
 b - the Volume of the Boosting Rocks
   (You found it on level 4 of the Lair of Beasts)

   Spells                             Type                      Level
   a - Sandblast                      Earth                        1
   b - Swiftness                      Charms/Air                   2
   c - Shroud of Golubria             Charms/Translocation         2
   d - Leda's Liquefaction            Hexes/Earth                  4
   e - Petrify                        Transmutation/Earth          4
   f - Deflect Missiles               Charms/Air                   6
 z - a book of Spatial Translocations

   Spells                             Type                      Level
   a - Blink                          Translocation                2
   b - Shroud of Golubria             Charms/Translocation         2
   c - Lesser Beckoning               Translocation                3
   d - Portal Projectile              Translocation                3
   e - Teleport Other                 Translocation                3
   f - Passage of Golubria            Translocation                4
 V - Ts'ui Pên's Papyrus of Forking Paths
   (You found it on level 12 of the Dungeon)

   Spells                             Type                      Level
   a - Slow                           Hexes                        2
   b - Summon Guardian Golem          Hexes/Summoning              3
   c - Invisibility                   Hexes                        6
Comestibles
 d - 14 bread rations
 k - 7 slices of pizza
 p - 11 meat rations
 H - 3 royal jellies
 O - 10 fruits
 W - 3 beef jerkies


   Skills:
 + Level 14.0 Fighting
 + Level 4.6 Dodging
 + Level 3.3 Shields
 + Level 15.3 Unarmed Combat
 - Level 9.4 Spellcasting
 - Level 4.0 Charms
 - Level 14.6 Transmutations
 - Level 11.3 Earth Magic
 + Level 3.1 Invocations


You had 6 spell levels left.
You knew the following spells:

 Your Spells              Type           Power        Failure   Level  Hunger
a - Beastly Appendage     Tmut           ######       0%          1    None
b - Sticks to Snakes      Tmut           #######.     1%          2    None
c - Spider Form           Tmut/Pois      ######....   1%          3    None
d - Blade Hands           Tmut           #######...   1%          5    ####...
e - Regeneration          Chrm/Necr      ###.......   8%          3    None
f - Confusing Touch       Hex            ##....       6%          1    None
g - Petrify               Tmut/Erth      ######..     1%          4    None
h - Repel Missiles        Chrm/Air       ###...       3%          2    None
i - Blink                 Tloc           N/A          10%         2    None
j - Yara's Violent Unrav  Hex/Tmut       ######....   8%          5    ####...


Dungeon Overview and Level Annotations

Branches:
Dungeon (15/15)            Temple (1/1) D:5            Lair (6/6) D:9
 Shoals (0/4) Lair:2       Spider (1/4) Lair:3          Orc (2/2) D:9
    Elf (1/3) Orc:2        Vaults (0/5) D:13         Depths (1/5) D:15
  Slime: Lair:5-6

Altars:
Ashenzari
Cheibriados
Dithmenos
Elyvilon
Fedhas
Gozag
Hepliaklqana
Kikubaaqudgha
Makhleb
Nemelex Xobeh
Okawaru
Qazlal
Ru
Sif Muna
Trog
Uskayaw
Vehumet
Xom
Yredelemnul
Zin
The Shining One

Shops:
D:6 }[==}   D:13 }   D:14 *   Orc:2 (}}}   Elf:1 %

Annotations:
D:15 2 runed doors
Lair:5 exclusion: 4 oklob plants


Innate Abilities, Weirdness & Mutations

You cannot wear boots.
Your serpentine skin is tough. (AC +5)
You have supernaturally acute eyesight. (SInv)
Armour fits poorly on your strangely shaped body.
Your system is resistant to poisons. (rPois)
You cover ground very slowly.
You have a slow metabolism.
You can exhale a cloud of poison.
You can use your snake-like lower body to constrict enemies.
You are mostly covered in yellow scales. (AC +3)
Your mind is very acute. (Int +4)
Your flesh is cold resistant. (rC+)
Your magical capacity is low. (-10% MP)
You are resistant to hostile enchantments. (MR+)
You are very robust. (+20% HP)
You are covered in thick fur. (AC +2)
You evolve.


Message History

You take 1 damage, and have 34/199 hp.
You now have 24/27 mp.
Unknown command.
You hit the dire flail of crushing but do no damage.
Your grab misses the dire flail of crushing.
The dire flail of crushing hits you but does no damage.
Unknown command.
You hit the dire flail of crushing but do no damage.
Your grab misses the dire flail of crushing.
The dire flail of crushing barely misses you.
You barely miss the dire flail of crushing.
You grab the dire flail of crushing.
You constrict the dire flail of crushing, but do no damage.
The dire flail of crushing hits you!!
* * * LOW HITPOINT WARNING * * *
x2 You take 27 damage, and have 9/199 hp.
You feel very mighty all of a sudden.
You constrict the dire flail of crushing.
The dire flail of crushing barely misses you.
The dire flail of crushing hits you!
You die...

.....,,,,* ...##,**,##
...#*,**,#.# ...#*,,,,*#.#
##.#****,* #.# *.#****,* #.#
*,.,,,,,* #.# ********,* #.##
*,,,,,,,,* #@######## .,********
##(......# .#* #.#####.# *#
#.#****,****** ,* #..,,,,,,,,,,*
,***** ********#.#****,****,**
,*,,,****,,,,,,,..#****,***,,,**
,*,,,*,,,,,***,,...,,,,,**,***,*
,*,,,*,,,,,,**,,...,,,,***,* *,*


You could see a dire flail of crushing.

Vanquished Creatures
  Frances (D:14)
  An emperor scorpion (Lair:3)
  A stone giant (Orc:2)
  Azrael (Orc:2)
  Nessos (D:14)
  A deep elf annihilator (Elf:1)
  Snorg (D:14)
  2 ettins
  A deep elf high priest (Elf:1)
  A fire dragon (Lair:6)
  A yaktaur captain (D:15)
  Josephine (Orc:2)
  A minotaur (Lab)
  Erolcha (D:12)
  6 ogre magi
  4 hydras
  2 centaur warriors
  3 tengu warriors
  A dancing weapon (Elf:1)
  An orc high priest (Elf:1)
  2 death yaks (Lair:6)
  Urug (D:13)
  Sonja (Orc:2)
  A small abomination (Elf:1)
  A hell knight (D:15)
  5 deep elf knights (Elf:1)
  5 skeletal warriors
  3 wizards
  An anaconda skeleton (Volcano)
  An unseen horror (D:10)
  A flayed ghost (D:15)
  A phantasmal warrior (D:13)
  8 deep elf archers (Elf:1)
  10 hill giants
  Pikel (D:4)
  A wolf spider zombie (D:15)
  A necromancer (D:13)
  3 orc knights
  A lindwurm (D:13)
  13 deep elf magi
  3 wolf spiders
  An orb spider (Spider:1)
  2 orc sorcerers
  A harpy (shapeshifter) (Elf:1)
  15 ugly things
  3 slime creatures (D:13)
  3 manticores
  6 elephants
  6 cyclopes
  16 black mambas
  2 centaur zombies (D:12)
  A guardian serpent (Lair:6)
  12 spiny frogs
  5 gargoyles
  4 kobold demonologists
  8 komodo dragons
  4 rime drakes
  A demonic crawler (Spider:1)
  A rime drake (shapeshifter) (D:13)
  An efreet (D:13)
  5 tengu conjurers
  A polar bear (Lair:3)
  A troll (shapeshifter) (D:13)
  A merfolk (D:12)
  A meliai (shapeshifter) (D:14)
  8 trolls
  5 jumping spiders
  21 blink frogs
  13 hippogriffs
  A harpy skeleton (Volcano)
  18 two-headed ogres
  6 hornets
  A meliai zombie (D:15)
  25 dream sheep
  A centaur simulacrum (D:15)
  7 redbacks
  2 flying skulls (Volcano)
  Sigmund (D:6)
  3 shadows
  An alligator skeleton (Volcano)
  3 vampires
  A water elemental (Elf:1)
  2 fire elementals
  47 yaks
  A tarantella (Lair:3)
  18 wyverns
  2 steam dragons
  8 wraiths
  2 hungry ghosts
  5 basilisks
  2 vampire mosquitoes (D:14)
  3 mottled dragons
  2 wargs
  13 water moccasins
  4 hell hounds (Orc:2)
  Duvessa (D:6)
  2 soldier ants
  5 ice beasts
  5 sky beasts
  6 porcupines
  17 orc warriors
  A swamp drake (Lair:6)
  2 phantoms
  A black bear (D:10)
  3 eyes of draining
  3 necrophages
  3 slaves
  26 centaurs
  32 ogres
  15 wolves
  7 crocodiles
  Blork the orc (D:6)
  4 big kobolds
  19 bullfrogs
  2 wyvern zombies
  An earth elemental (Lab)
  Dowan (D:6)
  A wyvern skeleton (D:14)
  3 scorpions
  11 killer bees
  9 wights
  A troll skeleton (Volcano)
  A howler monkey (D:8)
  A spriggan skeleton (Volcano)
  4 crimson imps
  4 bullfrog zombies
  2 quasits
  5 centaur skeletons
  A jelly (D:12)
  23 orc priests
  7 hounds
  3 bullfrog skeletons
  10 iguanas
  15 orc wizards
  19 worker ants
  2 hound zombies
  3 hound skeletons
  3 worker ant zombies
  A howler monkey skeleton (D:7)
  21 adders
  12 gnolls
  3 shadow imps
  An adder skeleton (D:6)
  3 worms
  3 dart slugs
  6 leopard geckos
  91 orcs
  3 giant cockroaches
  20 goblins
  9 hobgoblins
  11 jackals
  20 kobolds
  4 quokkas
  10 bats
  8 frilled lizards
  A jackal skeleton (D:4)
  10 rats
  5 fungi
  2 plants
952 creatures vanquished.

Vanquished Creatures (collateral kills)
  Eustachio (D:4)
  An ogre (D:4)
  Crazy Yiuf (D:3)
3 creatures vanquished.

Vanquished Creatures (others)
  A wizard (D:14)
  A blink frog (Lair:3)
  Prince Ribbit (Lair:3)
  A flying skull (Volcano)
  A porcupine (Lair:3)
  A human (D:5)
  3 bushes (D:15)
  19 fungi
  32 plants
60 creatures vanquished.

Grand Total: 1015 creatures vanquished

Notes
Turn   | Place    | Note
-------+----------+-------------------------------------------
     0 | D:1      | mistymad the Naga Transmuter began the quest for the Orb.
     0 | D:1      | Reached XP level 1. HP: 18/18 MP: 3/3
   122 | D:1      | Reached XP level 2. HP: 15/25 MP: 5/5
   765 | D:1      | Reached XP level 3. HP: 27/31 MP: 6/6
   769 | D:1      | Learned a level 2 spell: Sticks to Snakes
   773 | D:1      | Learned a level 3 spell: Spider Form
  1245 | D:2      | Reached XP level 4. HP: 30/38 MP: 4/8
  1986 | D:3      | Reached XP level 5. HP: 41/44 MP: 7/9
  2015 | D:3      | Reached skill level 4 in Unarmed Combat
  2629 | D:3      | Noticed an ogre
  2653 | D:3      | Reached XP level 6. HP: 44/51 MP: 6/11
  3265 | D:3      | Found a runed door.
  3272 | D:3      | Noticed Crazy Yiuf
  3279 | D:3      | Killed Crazy Yiuf
  3336 | D:4      | Noticed a slave
  3341 | D:4      | Noticed Pikel
  3341 | D:4      | Noticed a slave
  3343 | D:4      | Noticed a slave
  3348 | D:4      | Noticed a slave
  3363 | D:3      | Killed a slave
  3375 | D:3      | Killed a slave
  3607 | D:4      | Killed a slave
  3619 | D:4      | HP: 1/51 [Pikel/whip of flaming (10)]
  3620 | D:4      | Killed Pikel
  3620 | D:4      | Reached skill level 5 in Unarmed Combat
  3620 | D:4      | Reached skill level 5 in Transmutations
  3620 | D:4      | Reached XP level 7. HP: 2/57 MP: 5/14
  4078 | D:4      | Reached XP level 8. HP: 64/64 MP: 13/15
  4122 | D:4      | Reached skill level 5 in Spellcasting
  4171 | D:4      | Identified the Papyrus of the Mind
  4179 | D:4      | Learned a level 5 spell: Blade Hands
  4183 | D:4      | Learned a level 3 spell: Regeneration
  4237 | D:4      | Reached skill level 1 in Charms
  4347 | D:4      | Noticed Eustachio
  4362 | D:4      | Killed Eustachio
  4362 | D:4      | Reached skill level 6 in Unarmed Combat
  5018 | D:5      | Entered Level 5 of the Dungeon
  5041 | D:5      | Found an ancient bone altar of Kikubaaqudgha.
  5681 | D:5      | Reached XP level 9. HP: 70/70 MP: 13/18
  5901 | D:5      | Found a staircase to the Ecumenical Temple.
  5907 | Temple   | Entered the Ecumenical Temple
  6306 | D:6      | Noticed Duvessa
  6308 | D:6      | Noticed Dowan
  6317 | D:6      | Killed Duvessa
  6320 | D:6      | Killed Dowan
  6664 | D:6      | Found Rishrola's Jewellery Emporium.
  6712 | D:6      | Noticed Sigmund
  6720 | D:6      | Killed Sigmund
  6816 | D:6      | Found Puluxidd's Jewellery Shoppe.
  6885 | D:6      | Reached skill level 7 in Unarmed Combat
  6925 | D:6      | Found Beqico's Gadget Emporium.
  7160 | D:6      | Found Pewuet Usiu's Gadget Shoppe.
  7161 | D:6      | Found Ystuolev's Armour Shoppe.
  7320 | D:6      | Noticed Blork the orc
  7332 | D:6      | Killed Blork the orc
  7742 | D:7      | Found a hide-covered altar of Uskayaw.
  7746 | D:7      | Got a dazzling long sword
  7752 | D:7      | Identified the +8 long sword of the Rat {venom, rC- Dex+6 Stlth+} (You found it on level 7 of the Dungeon)
  8422 | D:8      | Noticed a hornet
  8430 | D:8      | Killed a hornet
  8563 | D:8      | Reached XP level 10. HP: 61/84 MP: 20/20
  8600 | D:8      | Reached skill level 8 in Unarmed Combat
  9039 | D:8      | Got a dazzling shield
  9045 | D:8      | Identified the +2 shield of the King {rPois rF+} (You found it on level 8 of the Dungeon)
  9950 | D:9      | Found a staircase to the Lair.
 10371 | D:9      | Found a staircase to the Orcish Mines.
 11092 | D:10     | Entered Level 10 of the Dungeon
 11097 | D:10     | Reached skill level 9 in Unarmed Combat
 11138 | D:10     | Reached skill level 5 in Fighting
 11324 | D:10     | Reached XP level 11. HP: 96/96 MP: 23/23
 11640 | D:10     | Noticed a hill giant
 11649 | D:10     | Killed a hill giant
 12551 | D:10     | Noticed a hill giant
 12558 | D:10     | Killed a hill giant
 12792 | D:10     | Identified a scroll of acquirement
 12915 | D:10     | Noticed an unseen horror
 12919 | D:10     | Killed an unseen horror
 13747 | D:11     | Noticed a hill giant
 13754 | D:11     | Killed a hill giant
 13754 | D:11     | Reached skill level 10 in Unarmed Combat
 14104 | D:11     | Reached skill level 10 in Transmutations
 14376 | D:12     | Reached XP level 12. HP: 109/109 MP: 21/25
 15476 | D:12     | Noticed Erolcha
 15484 | D:12     | Killed Erolcha
 15484 | D:12     | Reached skill level 11 in Unarmed Combat
 15685 | D:12     | Identified the Catalogue of Axaxaxas mlö
 15971 | D:12     | Identified the Handbook of Plaster Cramp
 15980 | D:12     | Identified Ts'ui Pên's Papyrus of Forking Paths
 15984 | D:12     | Learned a level 1 spell: Sandblast
 16307 | Lair:1   | Entered Level 1 of the Lair of Beasts
 16339 | Lair:1   | Reached skill level 1 in Earth Magic
 16417 | Lair:1   | Found a dark tunnel.
 16424 | Volcano  | Entered a volcano
 16788 | Volcano  | Gained mutation: You can use your snake-like lower body to constrict enemies. [Naga growth]
 16788 | Volcano  | Reached XP level 13. HP: 100/121 MP: 16/26
 18281 | Lair:2   | Found a staircase to the Shoals.
 19055 | Lair:2   | Gained mutation: You are partially covered in yellow scales. (AC +2) [potion of beneficial mutation]
 19056 | Lair:2   | Gained mutation: You are robust. (+10% HP) [potion of beneficial mutation]
 19057 | Lair:2   | Gained mutation: You are covered in fur. (AC +1) [potion of beneficial mutation]
 19058 | Lair:2   | Gained mutation: You are very robust. (+20% HP) [potion of beneficial mutation]
 19059 | Lair:2   | Gained mutation: Your flesh is cold resistant. (rC+) [potion of beneficial mutation]
 19336 | Lair:3   | Found a hole to the Spider Nest.
 19341 | Lair:3   | Gained mutation: You are mostly covered in yellow scales. (AC +3) [potion of beneficial mutation]
 19342 | Lair:3   | Gained mutation: You evolve. [potion of beneficial mutation]
 19525 | Lair:3   | Reached skill level 12 in Unarmed Combat
 19525 | Lair:3   | Reached skill level 5 in Earth Magic
 19535 | Lair:3   | Reached skill level 10 in Fighting
 20136 | Lair:3   | Noticed Prince Ribbit
 20199 | Lair:3   | Killed Prince Ribbit
 20700 | Lair:4   | Identified the Volume of the Boosting Rocks
 20707 | Lair:4   | Learned a level 4 spell: Petrify
 21274 | Lair:4   | Reached XP level 14. HP: 116/159 MP: 17/27
 21759 | Lair:5   | Gained mutation: Your mind is acute. (Int +2) [evolution]
 21760 | Lair:5   | Learned a level 2 spell: Repel Missiles
 21763 | Lair:5   | Learned a level 2 spell: Blink
 22593 | Lair:6   | Entered Level 6 of the Lair of Beasts
 23639 | Lair:6   | Reached skill level 13 in Unarmed Combat
 24864 | Lair:6   | Gained mutation: Your mind is very acute. (Int +4) [evolution]
 25322 | Lair:5   | Reached XP level 15. HP: 117/172 MP: 20/28
 25605 | Orc:1    | Entered Level 1 of the Orcish Mines
 25707 | Orc:2    | Entered Level 2 of the Orcish Mines
 25726 | Orc:2    | Noticed Josephine
 25736 | Orc:2    | Killed Josephine
 25765 | Orc:2    | Found a labyrinth entrance.
 25774 | Lab      | Entered a labyrinth
 26061 | Lab      | Got bloodstained fire dragon scales
 26100 | Lab      | Identified the +1 fire dragon scales of Time Monsters {-Tele rF++ rC- Str+6 Stlth+} (You took it off a minotaur in a labyrinth)
 26319 | Orc:2    | Noticed Azrael
 26327 | Orc:2    | Killed Azrael
 26329 | Orc:2    | Noticed Sonja
 26355 | Orc:2    | Killed Sonja
 26470 | Orc:2    | Found Bowueps's Gadget Shop.
 26470 | Orc:2    | Found Vymoley's Weapon Emporium.
 26470 | Orc:2    | Found Qoinorea's Gadget Shoppe.
 26470 | Orc:2    | Found Qihaga's Gadget Shop.
 26487 | Orc:2    | Found a staircase to the Elven Halls.
 27311 | Orc:1    | Reached skill level 14 in Unarmed Combat
 27874 | D:13     | Found Lomidil's Gadget Emporium.
 27881 | D:13     | Bought a wand of teleportation (3/9) for 357 gold pieces
 28207 | D:13     | Noticed Urug
 28218 | D:13     | Killed Urug
 28218 | D:13     | Reached skill level 10 in Earth Magic
 28372 | D:13     | Learned a level 1 spell: Confusing Touch
 28720 | D:13     | Gained mutation: You are covered in thick fur. (AC +2) [evolution]
 28884 | D:13     | Found a gate to the Vaults.
 29214 | D:13     | Reached XP level 16. HP: 140/184 MP: 22/29
 29944 | D:14     | Noticed Snorg
 30059 | D:14     | Learned a level 5 spell: Yara's Violent Unravelling
 30111 | D:14     | Noticed Nessos
 30137 | D:14     | Killed Nessos
 30311 | D:14     | Killed Snorg
 30314 | D:14     | Noticed Frances
 30326 | D:14     | Killed Frances
 30572 | D:14     | Found Mumuim's General Store.
 30938 | D:15     | Entered Level 15 of the Dungeon
 31756 | D:15     | HP: 4/188 [yaktaur captain/bolt (26)]
 31768 | D:15     | HP: 5/188 [centaur warrior (7)]
 31834 | D:15     | Gained mutation: Your magical capacity is low. (-10% MP) [you]
 31960 | D:15     | Found a large runed door.
 31961 | D:15     | Found a large runed door.
 32288 | D:15     | Found a staircase to the Depths.
 32394 | D:15     | Reached skill level 1 in Shields
 32832 | D:14     | Reached skill level 15 in Unarmed Combat
 33782 | Temple   | Became a worshipper of Cheibriados the Contemplative
 34029 | Spider:1 | Entered Level 1 of the Spider Nest
 34922 | D:14     | Gained mutation: You are resistant to hostile enchantments. (MR+) [evolution]
 34941 | Depths:1 | Entered Level 1 of the Depths
 35113 | Elf:1    | Entered Level 1 of the Elven Halls
 35138 | Elf:1    | Reached * piety under Cheibriados
 35177 | Elf:1    | Reached XP level 17. HP: 140/198 MP: 22/27
 35188 | Elf:1    | Reached skill level 1 in Invocations
 35451 | Elf:1    | Found Oblis's Food Shop.
 35998 | Elf:1    | Gained mutation: You can exhale a cloud of poison. [potion of beneficial mutation]
 36034 | Elf:1    | Reached ** piety under Cheibriados
 36132 | Elf:1    | Noticed a Brimstone Fiend
 36145 | Elf:1    | HP: 9/199 [dire flail of crushing (4)]
 36146 | Elf:1    | Slain by a dire flail of crushing

Skill      XL: |  1  2  3  4  5  6  7  8  9 10 11 12 13 14 15 16 17 |
---------------+----------------------------------------------------+-----
Transmutations | 3 4 5 6 7 8 10 11 12 13 14 | 14.6
Spellcasting   | 3 4 6 7 8 9 |  9.4
Unarmed Combat | 4 5 6 7 9 10 11 12 13 14 15 | 15.3
Charms         | 3 4 |  4.0
Fighting       | 3 5 7 9 10 11 12 13 14 | 14.0
Earth Magic    | 2 6 8 10 11 | 11.3
Dodging        | 4 |  4.6
Shields        | 2 3 |  3.3
Invocations    | 3 |  3.1

Action                   |  1- 3 |  4- 6 |  7- 9 | 10-12 | 13-15 | 16-18 || total
-------------------------+-------+-------+-------+-------+-------+-------++-------
Melee: Unarmed           |    67 |   209 |   105 |   449 |  1154 |   673 ||  2657
       Headbutt          |     2 |       |       |       |       |       ||     2
       Punch             |       |     1 |     1 |    15 |    76 |    29 ||   122
       Constrict         |       |       |       |       |   244 |   120 ||   364
 Fire: Fustibalus        |       |       |   162 |   258 |       |       ||   420
 Cast: Beastly Appendage |     5 |       |     1 |       |       |       ||     6
       Spider Form       |     2 |    26 |    14 |     5 |       |       ||    47
       Sticks to Snakes  |       |     4 |    15 |     5 |     2 |     2 ||    28
       Blade Hands       |       |       |     1 |    55 |   125 |    47 ||   228
       Regeneration      |       |       |       |    41 |   177 |    81 ||   299
       Petrify           |       |       |       |       |     7 |     2 ||     9
       Repel Missiles    |       |       |       |       |     3 |     4 ||     7
       Confusing Touch   |       |       |       |       |       |     2 ||     2
       Yara's Violent Un |       |       |       |       |       |     1 ||     1
 Abil: Spit Poison       |    25 |    17 |    11 |     2 |     2 |     1 ||    58
       End Transformatio |       |       |       |     2 |    15 |    12 ||    29
Evoke: Wand              |       |       |       |     2 |    17 |    18 ||    37
  Use: Scroll            |     1 |       |    13 |     9 |    14 |    10 ||    47
       Potion            |       |     1 |       |     7 |    14 |     9 ||    31
 Stab: Sleeping          |       |     2 |       |       |       |       ||     2
       Distracted        |       |       |     4 |       |     2 |     1 ||     7
       Paralysed         |       |       |       |       |     2 |       ||     2
       Petrified         |       |       |       |       |       |    11 ||    11
       Invisible         |       |       |       |       |       |     1 ||     1
  Eat: Chunk             |    13 |    11 |    24 |    34 |    69 |    34 ||   185
Armor: Robe              |    25 |    26 |    34 |   217 |   373 |   151 ||   826
       Skin              |     1 |    11 |     9 |    32 |   105 |       ||   158
       Steam dragon scal |       |       |       |       |   248 |   248 ||   496
Dodge: Dodged            |    55 |   135 |   143 |   237 |   441 |   272 ||  1283
       Deflected         |       |       |       |       |    11 |    24 ||    35
Block: Buckler           |       |       |       |       |       |    48 ||    48
